 Dungeon Crawl Stone Soup version 0.26.1-11-gd32895ea62 (webtiles) character file.

Game seed: 7092089683910750211

4225 satrapis the Basher (level 10, -3/68 HPs)
             Began as a Gargoyle Berserker on May 10, 2021.
             Was a High Priest of Trog.
             Slain by an ogre
             ... wielding a +0 giant club
              (16 damage)
             ... on level 7 of the Dungeon.
             The game lasted 00:27:04 (10023 turns).

satrapis the Basher (Gargoyle Berserker)           Turns: 10023, Time: 00:27:04

Health: -3/68      AC: 18    Str: 20    XL:     10   Next: 30%
Magic:  10/10      EV: 12    Int:  9    God:    Trog [*****.]
Gold:   544        SH:  0    Dex: 12    Spells: 9/9 levels left

rFire    . . .     SeeInvis .   b - +2 flail (drain)
rCold    . . .     Faith    +   (no shield)
rNeg     + . .     Spirit   .   i - +0 plate armour
rPois    ∞         Reflect  .   (no helmet)
rElec    +         Harm     .   (no cloak)
rCorr    .         Rampage  .   (no gloves)
Will     ++...                  (no boots)
Stlth    ..........             n - amulet of faith
HPRegen  1.21/turn              z - +4 ring of evasion
MPRegen  0.12/turn              r - ring of flight

@: berserk cooldown, regenerating (expiring), slowed, very slow
A: negative energy resistance 1, electricity resistance, unbreathing,
petrification resistance, miasma immunity, AC +7
a: Renounce Religion, Evoke Flight, Berserk, Trog's Hand, Brothers in Arms


You were on level 7 of the Dungeon.
You worshipped Trog.
Trog was extremely pleased with you.
You visited 1 branch of the dungeon, and saw 7 of its levels.

You collected 544 gold pieces.

Inventory:

Hand Weapons
 a - a +0 whip of flaming
 b - a +2 flail of draining (weapon)
Armour
 i - a +0 plate armour (worn)
Jewellery
 n - an amulet of faith (around neck)
 r - a ring of flight (right hand)
 z - a +4 ring of evasion (left hand)
Wands
 j - a wand of random effects (45)
 o - a wand of flame (14)
 v - a wand of digging (7)
 A - a wand of paralysis (4)
Scrolls
 c - a scroll of magic mapping
 f - 2 scrolls of teleportation
 g - a scroll of immolation {unknown}
 h - 2 scrolls of remove curse
 k - a scroll of amnesia {unknown}
 m - 4 scrolls of fog
 t - 2 scrolls of enchant weapon {unknown}
 u - a scroll of blinking
 w - a scroll of silence {unknown}
 x - a scroll of fear {unknown}
Potions
 d - 2 potions of heal wounds
 e - a potion of haste {unknown}
 l - 2 potions of attraction
 p - 4 potions of curing {unknown}
 q - 2 potions of lignification {unknown}
 s - 4 potions of cancellation {unknown}
 B - a potion of magic {unknown}
Miscellaneous
 y - a condenser vane


   Skills:
 * Level 9.9 Fighting
 * Level 10.1 Maces & Flails
 - Level 2.1 Armour
 + Level 6.0 Dodging
 - Level 0.5 Stealth


You had 9 spell levels left.
You didn't know any spells.
Your spell library was empty.

Dungeon Overview and Level Annotations

Branches:
Dungeon (7/15)             Temple (0/1) D:4

Altars:
Fedhas

Shops:
D:4 [   D:7 [

Annotations:
D:7 1 transporter


Innate Abilities, Weirdness & Mutations

You are resistant to torment.
Your stone body is resilient. (AC +7)
You are immune to poison.
You resist negative energy. (rN+)
You are resistant to electric shocks. (rElec)
You can survive without breathing.
You are immune to petrification.
You are immune to miasma.


Message History

You feel the effects of Trog's Hand fading.
The ogre barely misses you.
You bludgeon Tirrikindir's ghost!!
You destroy Tirrikindir's ghost!
Trog accepts your kill. The ogre barely misses you.
Your Maces & Flails skill increases to level 10!
Your Dodging skill increases to level 6!
You are no longer berserk.
You are exhausted.
You feel yourself slow down. The ogre hits you with a +0 giant club!
Things that are here:
a +4 great mace; a cursed -3 giant club; an ogre corpse You barely miss the ogre.
The ogre hits you but does no damage. The ogre hits you with a +0 giant club!
* * * LOW HITPOINT WARNING * * *
You hit the ogre.
The ogre is lightly wounded.
The ogre hits you but does no damage. The ogre hits you with a +0 giant club!
You die...

...........###(..)...............
......##....#..............<###..
.......#....########.......## #..
.......#....#©.....#......## #..
............#.#..#.#......# #..
......##....#..##..#......#####..
.........##.#..##..#.........#...
..#........©#.#.O#.#<.....#..#...
###.....#...#$..@.©#.....###.....
####....##.©#:#.O#.#.....###.....
#.#.....###.#..##..#......##.....
........###.#..##..#......#......
............#.#..#.#...........##
............#......#..##.........
.......:....########...#.........
.................##....##........
.................##..............


You could see 2 ogres.

Vanquished Creatures
  The ghost of Tirrikindir the Basher, a novice OpFi of Gozag (D:7)
  Pikel (D:5)
  Grinder (D:3)
  Sigmund (D:2)
  The ghost of Fractals the Sneak, an amateur HaBr (D:5)
  An orc warrior (D:6)
  A phantom (D:5)
  2 ogres (D:7)
  A wolf (D:7)
  2 centaurs
  3 lemures (D:5)
  2 bullfrogs (D:7)
  3 gnoll sergeants (D:7)
  A scorpion (D:6)
  5 killer bees
  4 howler monkeys
  A quasit (D:7)
  3 gnoll shamans (D:7)
  A jelly (D:7)
  2 orc priests (D:5)
  A centaur skeleton (D:5)
  7 hounds
  7 orc wizards
  Terence (D:2)
  Jessica (D:2)
  Natasha (D:2)
  2 iguanas
  7 worker ants
  2 hound zombies
  24 gnolls
  9 adders
  A river rat (D:3)
  2 shadow imps (D:7)
  An ufetubus (D:6)
  An ooze (D:2)
  2 adder zombies (D:5)
  2 adder skeletons (D:4)
  3 worms (D:3)
  A dart slug (D:1)
  2 leopard geckos
  22 orcs
  8 giant cockroaches
  3 goblins
  4 hobgoblins
  16 jackals
  A quokka (D:6)
  4 ball pythons
  5 bats
  4 frilled lizards
  3 kobolds
  A leopard gecko skeleton (D:5)
  9 rats
194 creatures vanquished.

Notes
Turn   | Place    | Note
-------+----------+-------------------------------------------
     0 | D:1      | satrapis the Gargoyle Berserker began the quest for the
                  | Orb.
     0 | D:1      | Reached XP level 1. HP: 14/14 MP: 1/1
   384 | D:1      | Reached XP level 2. HP: 19/19 MP: 2/2
  1553 | D:2      | Noticed Jessica
  1568 | D:2      | Killed Jessica
  1569 | D:2      | Reached XP level 3. HP: 24/24 MP: 3/3
  1704 | D:2      | Noticed Terence
  1711 | D:2      | Killed Terence
  1712 | D:2      | Reached skill level 4 in Maces & Flails
  1712 | D:2      | Reached XP level 4. HP: 29/29 MP: 4/4
  2057 | D:2      | Noticed Sigmund
  2074 | D:2      | Killed Sigmund
  2075 | D:2      | Reached skill level 5 in Maces & Flails
  2075 | D:2      | Reached XP level 5. HP: 34/34 MP: 5/5
  2075 | D:2      | Reached XP level 6. HP: 39/39 MP: 6/6
  2245 | D:2      | Noticed Natasha
  2250 | D:2      | Killed Natasha
  2812 | D:3      | Found a faded altar of an unknown god.
  2889 | D:3      | Noticed Grinder
  2895 | D:3      | Paralysed by Grinder for 5 turns
  2908 | D:3      | Killed Grinder
  2909 | D:3      | Reached skill level 5 in Fighting
  2909 | D:3      | Reached skill level 6 in Maces & Flails
  2909 | D:3      | Reached XP level 7. HP: 44/44 MP: 7/7
  3008 | D:3      | Reached ** piety under Trog
  4009 | D:4      | Found a staircase to the Ecumenical Temple.
  4182 | D:4      | Found Neifyav's Antique Armour Boutique.
  4336 | D:5      | Entered Level 5 of the Dungeon
  4741 | D:5      | Reached skill level 7 in Maces & Flails
  5064 | D:5      | Reached XP level 8. HP: 45/51 MP: 8/8
  5118 | D:5      | Reached *** piety under Trog
  5346 | D:5      | Found a runed translucent gate.
  5347 | D:5      | Found a runed translucent gate.
  5452 | D:5      | Found a runed translucent gate.
  5452 | D:5      | Noticed Fractals's ghost (amateur HaBr)
  5676 | D:5      | Noticed Pikel
  5685 | D:5      | Killed Pikel
  6351 | D:5      | Killed Fractals's ghost
  6352 | D:5      | Reached skill level 8 in Maces & Flails
  6500 | D:5      | Reached XP level 9. HP: 57/57 MP: 9/9
  7275 | D:6      | Reached skill level 5 in Dodging
  8107 | D:7      | Found a transporter.
  8112 | D:7      | Noticed Tirrikindir's ghost (novice OpFi)
  8127 | D:7      | Reached **** piety under Trog
  8151 | D:7      | Reached skill level 9 in Maces & Flails
  8577 | D:7      | Found a transporter.
  8590 | D:7      | Found Esuacirchach's Armour Shoppe.
  9164 | D:7      | Reached ***** piety under Trog
  9347 | D:7      | Found a blossoming altar of Fedhas.
  9388 | D:7      | Reached XP level 10. HP: 66/66 MP: 10/10
  9541 | D:7      | Identified the cursed +0 robe of Prudence {+Fly rPois}
 10020 | D:7      | Killed Tirrikindir's ghost
 10021 | D:7      | Reached skill level 10 in Maces & Flails
 10023 | D:7      | Slain by an ogre

Illustrated notes

Levels and vault maps discovered:
D:1:      minmay_arrival_cross, layout_rooms
D:2:      layout_basic, chequers_serial_rivers_small_a, uniq_natasha,
          uniq_jessica, uniq_sigmund, uniq_terence
D:3:      layout_rooms, chequers_ecumenical_altar_simple,
          lightli_sewer_entry_pipes, uniq_grinder
D:4:      minmay_recursive_quarters, layout_gridville, minmay_temple_entry_tees,
          serial_shops, shop
D:5:      layout_gridville, gammafunk_ghost_necromancy, uniq_pikel
D:6:      layout_loops_ring
D:7:      layout_cave_pools, general_overflow_altar, serial_shops, shop,
          gammafunk_ghost_smash, serial_gnoll_camp, gnoll_camp_mini_basic,
          gnoll_camp_mini_loothouse, gnoll_camp_huts_basic, gnoll_camp_mini_hut,
          gnoll_camp_medium_02

Skill      XL: |  1  2  3  4  5  6  7  8  9 10 |
---------------+-------------------------------+-----
Dodging        | 2 3 4 5 6 |  6.0
Fighting       | 4 5 7 9 |  9.9
Maces & Flails | 4 5 6 7 8 9 10 | 10.1
Armour         | |  2.1
Stealth        | |  0.5

Action                   |  1- 3 |  4- 6 |  7- 9 | 10-12 || total
-------------------------+-------+-------+-------+-------++-------
Melee: Mace              |    68 |   116 |   251 |       ||   435
       Flail             |       |       |   273 |    50 ||   323
Invok: Berserk           |     3 |     5 |    14 |     1 ||    23
       Trog's Hand       |       |       |     5 |     1 ||     6
  Use: Scroll            |       |     2 |     6 |       ||     8
Armor: Animal skin       |    28 |       |       |       ||    28
       Plate armour      |    26 |    65 |   370 |    26 ||   487
Dodge: Dodged            |    96 |    67 |   402 |    35 ||   600
